 Dungeon Crawl Stone Soup version 0.23.1 (webtiles) character file.

Game seed: 12393901352178366428

2218 Fang the Skirmisher (level 9, -2/85 HPs)
             Began as a Gargoyle Berserker on Mar 19, 2019.
             Was a High Priest of Trog.
             Slain by a yak (10 damage)
             ... on level 6 of the Dungeon.
             The game lasted 00:05:53 (5262 turns).

Fang the Skirmisher (Gargoyle Berserker)            Turns: 5262, Time: 00:05:53

Health: -2/85      AC: 16    Str: 30    XL:     9   Next: 35%
Magic:  9/9        EV: 11    Int:  7    God:    Trog [*****.]
Gold:   307        SH:  0    Dex:  9    Spells: 8/8 levels left

rFire    . . .     SeeInvis .   t - +0 war axe
rCold    + . .     Gourm    .   (no shield)
rNeg     + . .     Faith    .   j - +0 chain mail
rPois    ∞         Spirit   .   (no helmet)
rElec    +         Reflect  .   (no cloak)
rCorr    .         Harm     .   (no gloves)
MR       ++...                  (no boots)
Stlth    ..........             (no amulet)
HPRegen  1.24/turn              a - ring of protection from cold
MPRegen  0.11/turn              (no ring)

@: berserking, regenerating, very quick
A: negative energy resistance 1, electricity resistance, unbreathing,
petrification resistance, rot immunity, AC +6
a: Berserk, Trog's Hand, Brothers in Arms, Renounce Religion


You were on level 6 of the Dungeon.
You worshipped Trog.
Trog was extremely pleased with you.
You were not hungry.

You visited 1 branch of the dungeon, and saw 6 of its levels.
You also visited: Sewer.

You collected 307 gold pieces.

Inventory:

Hand Weapons
 t - a +0 war axe (weapon)
Armour
 j - a +0 chain mail (worn)
Jewellery
 a - a ring of protection from cold (left hand)
Wands
 s - a wand of polymorph (5)
 x - a wand of acid (4)
 z - a wand of random effects (22)
Scrolls
 d - 2 scrolls of teleportation {unknown}
 e - 2 scrolls of remove curse {unknown}
 h - 14 scrolls of identify {unknown}
 l - a scroll of immolation {unknown}
 m - 3 scrolls of magic mapping {unknown}
 q - 2 scrolls of fear {unknown}
 r - 4 scrolls of enchant armour {unknown}
 w - a scroll of amnesia {unknown}
 y - a scroll of blinking {unknown}
Potions
 b - 3 potions of curing {unknown}
 f - 4 potions of brilliance {unknown}
 g - a potion of might {unknown}
 i - 2 potions of degeneration {unknown}
 k - a potion of berserk rage {unknown}
 n - a potion of flight {unknown}
 o - a potion of invisibility {unknown}
 p - 2 potions of haste {unknown}
 u - 2 potions of heal wounds {unknown}
Comestibles
 c - 7 rations
 v - 9 chunks of flesh


   Skills:
 + Level 7.4 Fighting
 + Level 6.2 Axes
 + Level 7.0 Armour
 + Level 5.2 Dodging


You had 8 spell levels left.
You didn't know any spells.
Your spell library was empty.

Dungeon Overview and Level Annotations

Branches:
Dungeon (6/15)
 Temple: D:4-7

Altars:
Elyvilon
Fedhas
Okawaru
Ru
Xom


Innate Abilities, Weirdness & Mutations

You are resistant to torment.
Your stone body is resilient. (AC +6)
You are immune to poison.
You resist negative energy. (rN+)
You are resistant to electric shocks. (rElec)
You can survive without breathing.
You are immune to petrification.
You are immune to rotting.


Message History

* * * LOW HITPOINT WARNING * * *
A red film seems to cover your vision as you go berserk!
You feel yourself moving faster!
You feel mighty!
You feel quite a bit more hungry. The yak gores you!
* * * LOW HITPOINT WARNING * * *
The yak misses you.
You slash the yak!
You kill the yak!
Trog accepts your kill.
Your Armour skill increases to level 7!
You closely miss the yak. The yak gores you but does no damage.
You see here a yak corpse.
You barely miss the yak.
The yak is lightly wounded.
The yak closely misses you.
You slash the yak!
The yak is heavily wounded.
The yak gores you!
You die...

.. ............)... ..#
.......###.....# ..
#†...## #.....#
#.##....# #.....#
..#....########....
#.#....##..........
#.#....##..........
######....p.##..........
.......@Y...............
.....)..>...............
.........##...÷.........
.........##...).........
.........##.............
...(.....##.............
.........##.....###.....
..........#.....# #.....
..........#.....# #.....


You could see a yak and a neutral freed slave (wandering).

Vanquished Creatures
  Pikel (D:6)
  2 yaks (D:6)
  A sky beast (D:5)
  An ogre (D:6)
  2 centaurs
  5 big kobolds (Sewer)
  A bullfrog (D:6)
  2 crimson imps (D:5)
  A hound (D:4)
  A jelly (D:5)
  2 orc priests
  4 orc wizards
  A bullfrog skeleton (D:5)
  2 iguanas (D:5)
  Natasha (thrice) (D:3)
  2 worker ants (D:4)
  A hound zombie (D:5)
  11 adders
  3 river rats (Sewer)
  2 oozes (Sewer)
  2 adder skeletons
  4 worms
  3 dart slugs
  7 leopard geckos
  8 orcs
  10 bats
  8 giant cockroaches
  7 goblins
  4 hobgoblins
  7 jackals
  5 quokkas
  8 ball pythons
  4 frilled lizards
  19 kobolds
  A leopard gecko skeleton (D:5)
  15 rats
160 creatures vanquished.

Vanquished Creatures (others)
  2 slaves (D:6)
  A howler monkey (D:6)
  A hound (D:6)
  An iguana (D:6)
  A hound skeleton (D:6)
  An adder (D:6)
  A shadow imp (D:6)
8 creatures vanquished.

Grand Total: 168 creatures vanquished

Notes
Turn   | Place    | Note
-------+----------+-------------------------------------------
     0 | D:1      | Fang the Gargoyle Berserker began the quest for the Orb.
     0 | D:1      | Reached XP level 1. HP: 14/14 MP: 1/1
   256 | D:1      | Reached XP level 2. HP: 19/19 MP: 2/2
   588 | D:1      | Reached XP level 3. HP: 23/23 MP: 3/3
   826 | D:2      | Reached ** piety under Trog
  1029 | D:2      | Reached XP level 4. HP: 29/29 MP: 4/4
  1255 | D:2      | Found a white marble altar of Elyvilon.
  1344 | D:3      | Noticed Natasha
  1355 | D:3      | Killed Natasha
  1475 | D:3      | Reached XP level 5. HP: 25/33 MP: 5/5
  1638 | D:3      | Noticed Natasha
  1652 | D:3      | Killed Natasha
  1680 | D:3      | Reached *** piety under Trog
  1894 | D:3      | Found a sacrificial altar of Ru.
  2143 | D:3      | Noticed Natasha
  2158 | D:3      | Killed Natasha
  2158 | D:3      | Reached XP level 6. HP: 32/39 MP: 6/6
  2212 | D:3      | Found an iron altar of Okawaru.
  2557 | D:3      | Found a shimmering altar of Xom.
  2872 | D:4      | Reached skill level 5 in Fighting
  2879 | D:4      | Reached XP level 7. HP: 11/44 MP: 7/7
  3057 | D:4      | Found a glowing drain.
  3066 | D:4      | Reached **** piety under Trog
  3092 | Sewer    | Entered a sewer
  3617 | Sewer    | Reached skill level 5 in Armour
  3663 | Sewer    | Reached XP level 8. HP: 28/51 MP: 8/8
  4223 | D:5      | Entered Level 5 of the Dungeon
  4278 | D:5      | Reached skill level 5 in Axes
  4566 | D:5      | Found a blossoming altar of Fedhas.
  5024 | D:6      | Noticed Pikel
  5035 | D:6      | Killed Pikel
  5035 | D:6      | Reached XP level 9. HP: 57/57 MP: 9/9
  5152 | D:6      | Reached ***** piety under Trog
  5158 | D:6      | Reached skill level 5 in Dodging
  5258 | D:6      | HP: 4/85 [yak (9)]
  5262 | D:6      | Slain by a yak

Skill      XL: |  1  2  3  4  5  6  7  8  9 |
---------------+----------------------------+-----
Axes           | 3 4 5 6 |  6.2
Dodging        | 2 3 4 5 |  5.2
Armour         | 3 4 5 6 7 |  7.0
Fighting       | 4 5 7 |  7.4

Action                   |  1- 3 |  4- 6 |  7- 9 || total
-------------------------+-------+-------+-------++-------
Melee: Hand axe          |   133 |   268 |       ||   401
       War axe           |       |       |   392 ||   392
Invok: Berserk           |       |     3 |     2 ||     5
       Trog's Hand       |       |       |     1 ||     1
  Eat: Chunk             |     1 |     8 |     8 ||    17
       Ration            |       |       |     1 ||     1
Armor: Animal skin       |    57 |       |       ||    57
       Chain mail        |       |   177 |   274 ||   451
Dodge: Dodged            |   105 |   144 |   218 ||   467
